Map: Blackrock LE

Players

Serral

  • Race: Zerg Zerg
  • League: Master
  • Spawn Location: 1:00

Reynor - Winner!

  • Race: Zerg Zerg
  • League: Master
  • Spawn Location: 7:00

VOD

Have the link to the VOD?

Description

Time

  • Played on: July 5, 2026, 9:18 a.m.
  • Length: 15:50
Show
View Real Time Build Order
Export as new Build Order

Serral Zerg 

Build Orders: Hatch First 

Get SALT Encoding   

  8  0:00  Drone  
  9  0:10  Drone  
  10  0:16  Drone  
  11  0:27  Overlord  
  11  0:32  Drone  
  12  0:45  Drone x2  
  14  0:51  Drone  
  15  1:11  Hatchery  
  14  1:14  Drone  
  14  1:18  Drone  
  16  1:21  Drone  
  17  1:36  Spawning Pool  
  17  1:39  Extractor  
  15  1:40  Drone  
  15  1:44  Drone  
  17  1:50  Drone  
  18  2:00  Drone  
  19  2:09  Overlord  
  19  2:20  Drone  
  20  2:23  Queen x2  
  20  2:28  Drone  
  25  2:31  Drone  
  25  2:34  Drone  
  27  2:39  Metabolic Boost  
  27  2:43  Drone  
  28  2:46  Drone  
  29  2:52  Drone  
  29  2:54  Overlord  
  30  3:02  Baneling Nest  
  30  3:03  Zergling x2  
  30  3:07  Drone  
  31  3:13  Drone  
  31  3:19  Zergling x4  
  34  3:22  Overlord  
  34  3:33  Drone x6  
  41  3:42  Hatchery  
  41  3:44  Evolution Chamber  
  39  3:49  Drone x2  
  39  3:52  Drone x2  
  42  3:57  Overlord  
  42  4:04  Drone x4  
  42  4:07  Extractor  
  42  4:09  Zerg Ground Armor Level 1  
  45  4:14  Roach Warren  
  44  4:17  Drone x2  
  44  4:21  Zergling x4  
  44  4:22  Zergling x2  
  49  4:26  Overlord  
  49  4:31  Zergling x2  
  50  4:36  Drone x2  
  52  4:38  Zergling x4  
  52  4:39  Zergling x2  
  52  4:41  Drone  
  52  4:43  Overlord  
  56  4:50  Drone  
  56  4:51  Drone, Zergling x2  
  59  4:54  Zergling x2  
  59  4:57  Queen  
  62  5:04  Lair, Overlord  
  62  5:05  Zergling x6  
  64  5:09  Overlord  
  64  5:12  Zergling x6  
  67  5:19  Zergling x8  
  71  5:23  Overlord  
  71  5:25  Queen  
  73  5:32  Zergling x4  
  75  5:37  Zergling x4  
  75  5:40  Zergling x6  
  75  5:41  Zergling x6  
  82  5:44  Queen  
  82  5:47  Zergling x6  
  82  5:53  Overlord  
  81  6:01  Queen  
  81  6:04  Zerg Melee Weapons Level 1, Drone x4  
  82  6:07  Queen  
  86  6:13  Drone x4  
  86  6:15  Drone x2  
  86  6:18  Overseer  
  88  6:22  Drone  
  88  6:23  Spore Crawler  
  88  6:24  Queen  
  90  6:31  Infestation Pit  
  89  6:32  Spore Crawler  
  89  6:33  Extractor  
  89  6:35  Overlord  
  89  6:39  Zergling x8  
  87  6:47  Zergling x2  
  87  6:48  Zergling x2  
  87  6:49  Drone  
  87  6:50  Drone x2  
  92  6:54  Queen  
  92  6:56  Queen  
  92  7:00  Spore Crawler  
  92  7:01  Drone x3  
  97  7:02  Glial Reconstitution  
  97  7:04  Drone x2  
  98  7:09  Overlord, Spore Crawler  
  98  7:11  Zergling x4  
  98  7:12  Zergling x2  
  98  7:15  Extractor, Overlord  
  99  7:17  Overlord  
  99  7:19  Overlord  
  99  7:22  Drone x2  
  100  7:25  Spore Crawler  
  99  7:30  Zergling x8  
  99  7:31  Zergling x2  
  99  7:32  Drone x3  
  99  7:36  Hive  
  107  7:41  Drone x3  
  110  7:48  Drone  
  110  7:49  Drone x5  
  110  7:50  Extractor, Overlord  
  114  7:51  Extractor  
  114  7:53  Spore Crawler  
  114  7:57  Overlord  
  111  8:01  Zerg Melee Weapons Level 2  
  111  8:05  Infestor x2  
  111  8:06  Infestor  
  111  8:07  Infestor  
  111  8:11  Infestor  
  118  8:16  Drone  
  118  8:18  Burrow  
  117  8:20  Zergling x4  
  117  8:21  Zergling x12  
  117  8:25  Overlord x2  
  125  8:33  Overlord  
  125  8:34  Evolution Chamber  
  124  8:38  Drone  
  124  8:39  Drone  
  124  8:40  Spore Crawler, Baneling Nest  
  124  8:41  Zergling x10  
  127  8:48  Infestor x2  
  129  8:52  Ultralisk Cavern  
  131  9:00  Zergling x14  
  131  9:01  Zergling x2  
  128  9:05  Zerg Ground Armor Level 2  
  128  9:08  Adrenal Glands  
  128  9:09  Zergling x8  
  132  9:15  Zergling x10  
  133  9:26  Overlord  
  133  9:30  Centrifugal Hooks  
  133  9:32  Baneling x6  
  133  9:37  Overlord  
  133  9:45  Ultralisk, Chitinous Plating  
  139  9:50  Drone x2  
  140  10:01  Hatchery, Ultralisk  
  140  10:10  Ultralisk, Zergling x20  
  152  10:22  Overlord  
  152  10:24  Zergling x2  
  152  10:25  Zergling x6  
  153  10:34  Zerg Melee Weapons Level 3  
  153  10:38  Drone  
  153  10:39  Drone x5  
  153  10:40  Pneumatized Carapace  
  153  10:41  Overseer  
  159  10:43  Overseer  
  159  10:48  Drone  
  159  10:49  Drone x2, Extractor  
  161  10:50  Overlord  
  161  10:55  Zergling x6  
  159  10:57  Extractor  
  159  11:01  Drone x3  
  159  11:02  Zergling x2, Ultralisk  
  160  11:04  Anabolic Synthesis  
  160  11:09  Ultralisk, Zergling x12  
  160  11:11  Infestor x7  
  172  11:18  Spore Crawler  
  171  11:20  Zergling x8  
  175  11:27  Hatchery  
  175  11:28  Overlord  
  175  11:29  Overlord  
  175  11:30  Overlord  
  172  11:33  Overlord  
  164  11:40  Drone x3  
  164  11:46  Overseer  
  167  11:51  Drone  
  167  11:53  Overseer x2  
  167  11:54  Spore Crawler  
  167  11:59  Ultralisk x2  
  177  12:07  Ultralisk  
  183  12:11  Infestor x7  
  183  12:17  Drone x2  
  183  12:22  Zerg Ground Armor Level 3, Overseer  
  185  12:23  Hatchery  
  184  12:30  Overlord  
  190  12:37  Ultralisk  
  183  12:44  Ultralisk  
  185  12:55  Infestor x2  
  187  13:04  Drone x9  
  196  13:11  Zerg Missile Weapons Level 1  
  196  13:16  Hydralisk Den  
  194  13:21  Drone x2  
  194  13:24  Drone x3  
  195  13:28  Baneling x6  
  195  13:32  Spore Crawler  
  195  13:33  Extractor  
  195  13:34  Drone x3  
  194  13:36  Spore Crawler  
  193  13:44  Spore Crawler  
  193  13:45  Extractor, Zergling x8, Ultralisk  
  199  13:55  Drone x2  
  191  13:57  Extractor  
  191  13:58  Spine Crawler, Overlord  
  191  13:59  Overlord x2, Drone  
  191  14:00  Baneling x13  
  191  14:01  Baneling x4  
  191  14:02  Drone x2  
  192  14:13  Grooved Spines  
  192  14:16  Hatchery  
  191  14:17  Lurker Den  
  191  14:24  Drone  
  191  14:25  Drone  
  191  14:28  Drone x2  
  186  14:40  Ultralisk  
  186  14:41  Ultralisk x2  
  197  14:50  Infestor x7  
  180  14:53  Drone x17  
  180  14:54  Drone x8  
  175  15:01  Drone x4  
  175  15:05  Drone x2  
  178  15:13  Drone x2  
  179  15:15  Spine Crawler  
Show
View Real Time Build Order
Export as new Build Order

Reynor Zerg - Winner!

Build Orders: Pool First, Lurkers 

Get SALT Encoding   

  8  0:00  Drone  
  9  0:10  Drone  
  10  0:15  Drone  
  11  0:27  Overlord  
  11  0:32  Drone  
  12  0:46  Drone x2  
  14  0:50  Drone  
  15  1:00  Drone  
  16  1:07  Spawning Pool  
  16  1:10  Drone  
  16  1:20  Drone  
  17  1:34  Hatchery  
  17  1:37  Drone  
  17  1:45  Extractor  
  16  1:50  Drone  
  16  1:53  Queen  
  19  1:57  Drone  
  20  2:02  Overlord  
  20  2:08  Extractor  
  20  2:09  Drone  
  21  2:22  Drone  
  22  2:29  Queen, Drone  
  25  2:39  Drone  
  26  2:46  Queen, Drone  
  26  2:49  Drone  
  30  2:59  Overlord  
  30  3:00  Drone  
  30  3:03  Drone  
  32  3:05  Lair  
  32  3:17  Drone x2, Overlord  
  34  3:21  Drone  
  34  3:22  Drone  
  34  3:27  Drone  
  37  3:30  Drone  
  37  3:34  Drone x2  
  40  3:36  Extractor  
  40  3:37  Drone  
  40  3:40  Drone x3  
  43  3:47  Evolution Chamber  
  43  3:48  Overlord  
  42  3:49  Drone  
  42  3:54  Drone  
  44  3:59  Drone  
  45  4:03  Roach Warren  
  45  4:05  Spire  
  45  4:08  Drone, Evolution Chamber  
  43  4:10  Drone  
  43  4:12  Drone  
  43  4:13  Extractor  
  43  4:14  Drone  
  43  4:16  Drone  
  46  4:20  Zerg Melee Weapons Level 1  
  46  4:22  Drone  
  47  4:25  Drone  
  47  4:26  Extractor  
  47  4:28  Drone x2  
  49  4:33  Metabolic Boost  
  49  4:34  Drone  
  49  4:35  Drone  
  51  4:38  Overlord  
  51  4:49  Zergling x4  
  51  4:50  Zergling x6  
  56  4:58  Zergling x6  
  59  5:01  Overlord  
  59  5:09  Hatchery  
  58  5:15  Mutalisk x2  
  58  5:16  Mutalisk  
  58  5:19  Mutalisk  
  66  5:23  Zergling x4  
  66  5:25  Zergling x2  
  69  5:28  Mutalisk  
  69  5:31  Zergling x2  
  72  5:38  Overlord  
  73  5:45  Mutalisk x2  
  73  5:47  Zergling x4  
  71  5:51  Hatchery  
  71  5:55  Mutalisk  
  72  5:58  Zergling x4  
  72  6:01  Drone  
  75  6:05  Mutalisk  
  75  6:06  Hatchery  
  75  6:10  Zergling x10  
  80  6:16  Mutalisk  
  79  6:24  Overlord  
  79  6:32  Overlord  
  79  6:33  Zerg Flyer Weapons Level 1  
  79  6:37  Hatchery  
  79  6:39  Mutalisk  
  78  6:44  Mutalisk  
  78  6:45  Zergling x6  
  84  6:51  Drone x3  
  84  6:52  Drone  
  88  6:55  Drone  
  88  7:01  Zerg Melee Weapons Level 2  
  88  7:04  Mutalisk  
  90  7:09  Hatchery  
  90  7:11  Drone x2  
  90  7:12  Drone  
  90  7:13  Drone  
  90  7:14  Baneling Nest, Drone  
  93  7:17  Overlord  
  93  7:25  Mutalisk  
  93  7:27  Overlord  
  95  7:33  Overlord  
  95  7:35  Zerg Missile Weapons Level 1  
  95  7:36  Infestation Pit  
  95  7:37  Drone x2  
  96  7:38  Drone  
  96  7:42  Overlord  
  97  7:48  Drone x3  
  100  7:55  Drone x3  
  100  7:57  Baneling x2  
  103  7:58  Baneling  
  103  8:01  Extractor  
  103  8:02  Extractor  
  103  8:04  Zergling x12  
  107  8:10  Mutalisk  
  107  8:12  Drone x3  
  113  8:19  Hatchery  
  112  8:20  Hive  
  112  8:24  Drone x3  
  112  8:26  Hydralisk Den, Drone x2  
  116  8:30  Baneling x2  
  116  8:32  Overlord  
  116  8:40  Zergling x14  
  116  8:41  Overlord  
  123  8:59  Drone x2  
  123  9:00  Hydralisk  
  123  9:01  Hydralisk x5, Lurker Den  
  123  9:02  Lurker Den  
  134  9:06  Drone  
  134  9:08  Hydralisk x2  
  139  9:13  Zergling x2  
  139  9:14  Overlord x2  
  139  9:15  Overlord  
  139  9:27  Baneling x2  
  139  9:29  Overlord x2  
  139  9:33  Drone x9  
  139  9:34  Zerg Missile Weapons Level 2  
  148  9:51  Extractor  
  148  9:52  Drone x2  
  149  9:54  Extractor  
  149  9:59  Lurker  
  149  10:00  Lurker x3, Seismic Spines  
  149  10:06  Overlord  
  149  10:07  Adaptive Talons  
  151  10:08  Zergling x26  
  151  10:09  Zergling x2  
  151  10:11  Overlord  
  160  10:22  Lurker x3  
  160  10:24  Drone x4, Overlord  
  160  10:26  Queen  
  169  10:29  Drone  
  169  10:35  Spine Crawler  
  169  10:37  Adrenal Glands  
  169  10:39  Drone x2  
  171  10:43  Spore Crawler, Hatchery  
  171  10:44  Spore Crawler  
  171  10:48  Lurker  
  171  10:49  Hydralisk x3  
  175  10:54  Drone x2  
  168  11:05  Drone x2  
  168  11:06  Drone  
  168  11:07  Hydralisk  
  168  11:08  Hydralisk  
  168  11:09  Zerg Ground Armor Level 1  
  168  11:21  Queen  
  168  11:27  Muscular Augments  
  164  11:33  Lurker x4  
  164  11:35  Zergling x28  
  164  11:36  Zergling x8  
  164  11:37  Drone x2  
  187  11:42  Spore Crawler  
  187  11:45  Spore Crawler  
  185  11:56  Lurker  
  185  11:57  Drone x3  
  189  12:02  Zerg Missile Weapons Level 3  
  189  12:05  Hydralisk  
  189  12:06  Hydralisk x4  
  199  12:08  Spore Crawler x2  
  199  12:09  Spore Crawler x2  
  195  12:19  Spore Crawler  
  192  12:31  Grooved Spines, Lurker  
  192  12:32  Lurker x4  
  192  12:37  Drone  
  198  12:44  Zergling x4  
  200  12:49  Hydralisk  
  200  12:51  Zergling x2  
  199  12:53  Hydralisk  
  199  12:54  Zergling x2  
  199  12:55  Zergling x36  
  193  12:59  Hydralisk x4  
  199  13:08  Zerg Ground Armor Level 2  
  199  13:10  Overseer  
  199  13:11  Overseer, Pneumatized Carapace  
  199  13:19  Hatchery  
  196  13:28  Lurker x3  
  199  13:41  Lurker x3  
  189  13:48  Hydralisk x4  
  185  13:49  Hydralisk x2  
  185  13:52  Zergling x18  
  193  14:02  Hydralisk x3  
  199  14:09  Overseer x2  
  197  14:10  Overseer  
  197  14:20  Overseer, Spore Crawler  
  197  14:21  Lurker  
  197  14:22  Lurker x2, Spore Crawler  
  197  14:23  Spore Crawler x2  
  197  14:24  Spore Crawler  
  192  14:42  Lurker x4  
  192  14:45  Hydralisk x2  
  194  14:46  Zergling x2  
  196  14:54  Lurker x2  
  196  14:57  Zergling x10  
  195  15:20  Hydralisk x2  
  199  15:30  Zergling x6  
Tags
 
Composition
Lurkers
Matchup
ZvZ
Race
Zerg
Replay Pack
hsc29
Spawn Locations
Cross Positions
Add a new tag
Caveats
  • Supply blocks, unpowered buildings, or Contaminate may cause inaccurate times.
  • Supply counts are checked every 10 seconds.